 Dungeon Crawl Stone Soup version 0.28.0 (webtiles) character file.

Game seed: 15615939544385150538

13 crazypyro the Skirmisher (level 2, -2/32 HPs)
             Began as an Ogre Monk on Feb 14, 2022.
             Slain by a gnoll (4 damage)
             ... on level 3 of the Dungeon.
             The game lasted 00:01:24 (646 turns).

crazypyro the Skirmisher (Ogre Monk)                 Turns: 646, Time: 00:01:25

Health: -2/32      AC:  3    Str: 14    XL:     2   Next: 37%
Magic:  2/2        EV: 10    Int: 11    God:
Gold:   61         SH:  0    Dex: 11    Spells: 1/1 levels left

rFire   . . .      SeeInvis .   c - +0 whip
rCold   . . .      Faith    .   (no shield)
rNeg    . . .      Spirit   .   b - +0 robe
rPois   .          Reflect  .   (helmet restricted)
rElec   .          Harm     .   (no cloak)
rCorr   .          Rampage  .   (gloves unavailable)
Will    .....                   (boots unavailable)
Stlth   ++........              (no amulet)
HPRegen 0.10/turn               (no ring)
MPRegen 0.08/turn               (no ring)

@: no status effects
A: large, unfitting armour, tough skin 1
a: no special abilities


You were on level 3 of the Dungeon.
You visited 1 branch of the dungeon, and saw 3 of its levels.

You collected 61 gold pieces.

Inventory:

Hand Weapons
 a - a +0 mace
 c - a +0 whip (weapon)
Armour
 b - a +0 robe (worn)
Wands
 f - a wand of iceblast (2)
Scrolls
 e - a scroll of enchant weapon {unknown}
 g - a scroll of enchant armour {unknown}
Potions
 d - a potion of heal wounds {unknown}


   Skills:
 - Level 4.1 Fighting
 * Level 3.2 Maces & Flails
 - Level 2.7 Dodging
 - Level 1.5 Stealth


You had one spell level left.
You didn't know any spells.
Your spell library was empty.

Dungeon Overview and Level Annotations

Branches:
Dungeon (3/15)

Altars:


Innate Abilities, Weirdness & Mutations

You are too large for most types of armour.
You have tough skin. (AC +1)


Message History

Found 17 stones.
A bat comes into view.
The bat hits you but does no damage. The bat barely misses you.
The bat barely misses you.
You miss the bat. The bat hits you but does no damage. The bat hits you.
You hit the bat.
You kill the bat!
Found a bubbling pink potion.
Found a scroll labelled OXIAMO YT JICO.
Found a stone staircase leading down.
You see here a scroll labelled OXIAMO YT JICO.
g - a scroll labelled OXIAMO YT JICO
Found 19 stones.
A giant cockroach comes into view.
There is a stone staircase leading down here.
The gnoll hits you with a +0 club.
You climb downwards.
Found a scroll labelled CUGUEXYTANN.
There is a stone staircase leading up here.
You are too injured to fight recklessly!
You are too injured to fight recklessly!
You hit the gnoll.
The gnoll is heavily wounded.
The gnoll closely misses you.
You hit the gnoll but do no damage.
The gnoll is heavily wounded.
The gnoll hits you with a +0 club.
You hit the gnoll.
The gnoll is severely wounded.
The gnoll hits you with a +0 club.
* * * LOW HITPOINT WARNING * * *
You hit the gnoll but do no damage.
The gnoll is severely wounded.
The gnoll hits you with a +0 club.
* * * LOW HITPOINT WARNING * * *
You barely miss the gnoll.
The gnoll is severely wounded.
The gnoll hits you with a +0 club.
You die...

#### . #...###
....#.g.##
#....@.#
#............
#.......?.####
.............
.#.........###
##.......##
##.....##
#..#.##


You could see a gnoll.

Vanquished Creatures
  An endoplasm (D:1)
  A giant cockroach (D:1)
  A goblin (D:2)
  A hobgoblin (D:2)
  2 jackals (D:2)
  2 kobolds
  2 bats (D:2)
10 creatures vanquished.

Notes
Turn   | Place    | Note
-------+----------+-------------------------------------------
     0 | D:1      | crazypyro the Ogre Monk began the quest for the Orb.
     0 | D:1      | Reached XP level 1. HP: 24/24 MP: 1/1
   349 | D:1      | You fall into a shaft and drop 1 floor!
   356 | D:2      | Reached XP level 2. HP: 32/32 MP: 2/2
   646 | D:3      | Slain by a gnoll

Illustrated notes

Levels and vault maps discovered:
D:1:      minmay_arrival_four_loops, layout_basic,
          shapermc_ecumenical_altar_hornbeckon
D:2:      layout_basic
D:3:      layout_loops_ring, serial_shops, shop, uniq_robin,
          uniq_crazy_yiuf_cottage

Skill      XL: |  1 |
---------------+----+-----
Maces & Flails | 3 |  3.2
Fighting       | |  4.1
Dodging        | |  2.7
Stealth        | |  1.5

Action                   || total
-------------------------++-------
Melee: Whip              ||    44
       Mace              ||     1
       Punch             ||     1
Armor: Robe              ||    18
Dodge: Dodged            ||    21
